Map: Daybreak LE (Void)

Players

ReeKo - Winner!

  • Race: Terran Terran
  • League: Diamond
  • Spawn Location: 1:00

Trollpod

  • Race: Terran Terran
  • League: Diamond
  • Spawn Location: 7:00

VOD

Have the link to the VOD?

Description

Time

  • Played on: Jan. 6, 2017, 9:25 a.m.
  • Length: 10:28
Show
View Real Time Build Order
Export as new Build Order

ReeKo Terran - Winner!

Build Orders: Reaper Expand 

Get SALT Encoding   

  12  0:00  SCV  
  13  0:12  SCV  
  14  0:18  Supply Depot  
  14  0:25  SCV  
  15  0:39  SCV  
  15  0:41  Barracks  
  16  0:46  Refinery  
  16  0:51  SCV  
  17  1:03  SCV  
  18  1:15  SCV  
  19  1:28  Orbital Command  
  19  1:29  Reaper  
  20  1:48  Command Center  
  20  1:55  SCV  
  20  2:00  Supply Depot  
  21  2:08  SCV  
  22  2:09  Barracks Reactor  
  22  2:16  Barracks  
  22  2:20  SCV  
  23  2:32  SCV  
  24  2:44  Marine, SCV  
  24  2:47  Marine  
  27  2:57  SCV  
  28  3:00  Orbital Command  
  28  3:01  Bunker  
  28  3:02  Marine  
  28  3:05  Barracks Tech Lab  
  29  3:09  SCV  
  29  3:11  Factory  
  30  3:17  Marine, Bunker  
  31  3:23  Refinery  
  31  3:26  Marine  
  32  3:30  Stimpack  
  32  3:36  SCV x2  
  34  3:45  Bunker  
  34  3:48  SCV x2  
  36  3:56  Marine x3  
  40  4:02  SCV  
  40  4:03  SCV  
  40  4:07  Starport  
  41  4:10  Factory Reactor  
  41  4:17  Marine x2  
  40  4:25  Marine, SCV  
  40  4:26  SCV  
  38  4:34  Marine  
  38  4:36  Marine  
  32  4:47  Marine  
  32  4:49  Bunker  
  32  4:53  SCV x2  
  36  5:05  SCV  
  36  5:06  SCV  
  38  5:10  Factory Tech Lab, Medivac  
  38  5:12  Medivac  
  40  5:18  SCV  
  40  5:19  SCV  
  42  5:27  Marine x2  
  44  5:31  SCV  
  44  5:32  Marine  
  46  5:44  Supply Depot, SCV  
  46  5:47  Supply Depot  
  46  5:55  Marine x3  
  46  5:58  Medivac  
  46  5:59  SCV  
  49  6:06  Barracks  
  49  6:10  SCV  
  50  6:11  SCV  
  50  6:12  Marine  
  50  6:13  Marine  
  53  6:22  SCV  
  53  6:23  Marine, Bunker  
  53  6:24  SCV  
  56  6:31  Marine x2  
  58  6:34  SCV  
  59  6:42  Marine  
  59  6:45  SCV  
  59  6:46  Siege Tank  
  64  6:53  Barracks  
  64  6:57  SCV x2  
  64  7:00  Supply Depot  
  65  7:02  Supply Depot  
  65  7:05  Marine x2  
  57  7:09  SCV x2  
  57  7:10  Marine  
  57  7:15  Marine  
  54  7:21  SCV  
  54  7:22  Marine x2  
  48  7:23  SCV  
  48  7:30  Marine  
  48  7:33  Marine  
  49  7:39  SCV x2  
  49  7:40  Marine x2, Barracks  
  50  7:47  Marine  
  51  7:51  SCV x2  
  51  7:55  Barracks Reactor  
  51  7:56  Marine  
  51  7:58  Marine x2  
  54  8:03  SCV  
  54  8:04  SCV  
  57  8:07  Marine  
  51  8:13  Marine  
  51  8:16  Marine x2, SCV x2  
  56  8:22  Siege Tank  
  60  8:28  Barracks Reactor, SCV x2  
  60  8:31  Marine  
  60  8:32  Marine x2  
  64  8:37  Marine x2, Engineering Bay  
  64  8:40  SCV  
  67  8:47  SCV  
  68  8:49  Marine  
  68  8:50  Supply Depot  
  68  8:51  Supply Depot  
  68  8:54  Marine x2, Siege Tank  
  67  8:57  SCV  
  67  8:59  SCV  
  65  9:09  Marine, SCV  
  67  9:11  Marine x4  
  67  9:14  Marine x2  
  72  9:27  Marine  
  72  9:28  Marine  
  72  9:29  Marine x3  
  75  9:37  SCV x2  
  77  9:49  SCV x2  
  79  9:55  Command Center  
  79  10:00  Marine x4  
  79  10:01  Marine x3  
Show
View Real Time Build Order
Export as new Build Order

Trollpod Terran 

Build Orders: Cyclone Opening 

Get SALT Encoding   

  12  0:00  SCV  
  13  0:13  SCV  
  14  0:17  Supply Depot  
  14  0:25  Refinery  
  14  0:29  SCV  
  15  0:41  Barracks  
  15  0:45  SCV  
  16  0:54  Refinery  
  16  0:58  SCV  
  17  1:10  SCV  
  18  1:30  Factory  
  18  1:31  Barracks Reactor  
  18  1:39  Orbital Command  
  18  1:49  Supply Depot  
  18  2:07  SCV  
  19  2:19  Cyclone  
  19  2:21  Barracks Reactor  
  22  2:26  Cyclone  
  24  2:57  Cyclone  
  27  3:05  Cyclone  
  30  3:13  Marine  
  31  3:20  Supply Depot  
  31  3:21  Marine  
  31  3:25  Supply Depot  
  32  3:31  Marine  
  33  3:47  Marine, Cyclone  
  38  3:55  SCV  
  38  4:07  Marine  
  31  4:45  Marine, Cyclone x2  
  31  5:06  Marine x2, Supply Depot  
  32  5:20  Cyclone  
  35  5:28  Marine x2  
  34  5:55  Cyclone x2  
  40  5:59  Marine x2  
  42  6:08  SCV  
  41  6:20  SCV  
  41  6:24  Marine  
  43  6:27  Cyclone  
  43  6:32  SCV  
  45  6:44  SCV  
  46  6:48  Marine, Cyclone  
  46  6:49  Marine  
  51  7:06  Marine x2, Cyclone  
  45  7:24  Marine x2, Cyclone  
  47  7:38  Cyclone  
  47  7:42  Marine x2  
  45  7:52  SCV  
  46  8:04  SCV  
  47  8:09  Marine x2, Cyclone  
  46  8:27  Marine, Command Center  
  46  8:34  Marine  
  48  8:44  Marine  
  44  9:05  Marine x2, Cyclone x2  
  52  9:10  SCV  
  52  9:11  Supply Depot  
  53  9:22  Marine  
  51  9:26  Marine  
  41  9:34  Starport  
  38  9:40  Marine  
  39  9:47  Factory Tech Lab, SCV  
  40  9:56  Marine  
  40  9:59  SCV  
  42  10:03  Barracks  
Tags
 
Add a new tag
Caveats
  • Supply blocks, unpowered buildings, or Contaminate may cause inaccurate times.
  • Supply counts are checked every 10 seconds.